 Dungeon Crawl Stone Soup version 0.31-a0-963-ga325b2283a (webtiles) character file.

Game seed: 2337677130598541018

10833 sircluck the Grappler (level 11, -2/151 HPs)
             Began as a Troll Berserker on Oct 23, 2023.
             Was a High Priest of Trog.
             Slain by an orc warrior
             ... wielding a +0 battleaxe
              (13 damage)
             ... on level 2 of the Orcish Mines on Oct 25, 2023.
             The game lasted 00:18:20 (8179 turns).

sircluck the Grappler (Troll Berserker)             Turns: 8179, Time: 00:18:20

Health: -2/151     AC:  6    Str: 31    XL:     11   Next: 41%
Magic:  10/10      EV: 16    Int:  3    God:    Trog [*****.]
Gold:   1189       SH:  0    Dex:  9    Spells: 10/10 levels left

rFire   . .          .
                       - Unarmed
rCold   . . .        (no shield)
rNeg    . . .        K - +0 troll leather armour
rPois   .            (helmet restricted)
rElec   .            k - +0 cloak
rCorr   .            (gloves unavailable)
SInv    .            (boots unavailable)
Will    .....        (no amulet) Stlth
                     O - +4 ring of slaying
HPRegen 2.05/turn    c - +5 ring of evasion
MPRegen 0.12/turn

%: no passive effects
@: berserking (expiring), very quick
A: large, unfitting armour, claws 3, regeneration 1, shaggy fur 1, tough skin 1
a: Renounce Religion, Berserk, Trog's Hand, Brothers in Arms


You were on level 2 of the Orcish Mines.
You worshipped Trog.
Trog was extremely pleased with you.
You visited 2 branches of the dungeon, and saw 12 of its levels.
You also visited: Sewer and Ossuary.

You collected 1189 gold pieces.

Inventory:

Missiles
 F - 35 stones
 P - 2 throwing nets
Armour
 a - a +0 animal skin
 k - a +0 cloak (worn)
 K - a +0 troll leather armour (worn)
 N - +0 acid dragon scales
Jewellery
 c - a +5 ring of evasion (right claw)
 f - a ring of willpower
 q - a ring of see invisible
 L - a ring of fire
 O - a +4 ring of slaying (left claw)
Wands
 j - a wand of flame (26)
 H - a wand of charming (6)
 J - a wand of roots (4)
 M - a wand of quicksilver (10)
Scrolls
 b - 4 scrolls of teleportation {unknown}
 d - 4 scrolls of enchant weapon {unknown}
 l - 6 scrolls of amnesia {unknown}
 r - 7 scrolls of vulnerability {unknown}
 s - 6 scrolls of identify {unknown}
 v - a scroll of revelation {unknown}
 w - 2 scrolls of fear {unknown}
 x - a scroll of acquirement {unknown}
 y - 3 scrolls of fog {unknown}
 B - a scroll of immolation {unknown}
 C - 2 scrolls of blinking {unknown}
 E - a scroll of summoning {unknown}
 G - 2 scrolls of noise {unknown}
 I - 2 scrolls of poison {unknown}
Potions
 e - 5 potions of heal wounds {unknown}
 g - 4 potions of might {unknown}
 h - 3 potions of brilliance {unknown}
 i - a potion of haste {unknown}
 m - 4 potions of invisibility {unknown}
 n - 2 potions of resistance {unknown}
 o - 4 potions of magic {unknown}
 p - 2 potions of cancellation {unknown}
 t - 3 potions of curing {unknown}
 u - 3 potions of enlightenment {unknown}
 z - 2 potions of lignification {unknown}
 A - 3 potions of mutation {unknown}
 D - a potion of degeneration {unknown}


   Skills:
 + Level 4.8 Fighting
 * Level 4.4 Armour
 + Level 7.0 Dodging
 + Level 1.4 Stealth
 + Level 14.5 Unarmed Combat


You had 10 spell levels left.
You didn't know any spells.
Your spell library was empty.

Dungeon Overview and Level Annotations

Branches:
Dungeon (10/15)            Temple (0/1) D:5             Orc (2/2) D:9
  Sewer (visited)         Ossuary (visited)
   Lair: D:8-11         Elf: Orc:2

Altars:
Ashenzari
Elyvilon
Gozag
Makhleb
Sif Muna
Trog
Uskayaw
Vehumet
Wu Jian

Shops:
D:4 [   D:6 [   D:9 (

Annotations:
Orc:2 Urug


Innate Abilities, Weirdness & Mutations

You are too large for most types of armour.
You have claws for hands.
Your natural rate of healing is unusually fast.
You are covered in fur. (AC +1)
You have tough skin. (AC +1)


Message History

The orc knight roars a battlecry!
The orc warriors go into a battle-frenzy!
The orc hits you but does no damage.
Unknown command.
The orc knight unwields a +0 arbalest.
The orc knight wields a +0 great mace.
The orc knight hits you with a +0 great mace!!
The orc warrior closely misses you.
Items here: ))) [ †.
You barely miss the orc knight. The orc hits you with a +0 trident.
You miss the orc knight. You completely miss the orc knight.
The orc knight roars a battlecry!
The orc knight goes into a battle-frenzy!
The orc knight hits you with a +0 great mace!
You closely miss the orc knight. You claw the orc knight!!
The orc knight is moderately wounded.
You claw the orc knight!
The orc knight is heavily wounded.
The orc warrior hits you with a +0 long sword.
The orc knight roars a battlecry!
The orc knight barely misses you.
You mangle the orc knight!!
You kill the orc knight!
Trog accepts your kill.
Your Dodging skill increases to level 7!
The orc warrior hits you with a +0 long sword!!
* * * LOW HITPOINT WARNING * * *
The orc warrior hits you from afar with a +0 trident!
* * * LOW HITPOINT WARNING * * *
The orc warrior hits you with a +0 flail.
* * * LOW HITPOINT WARNING * * *
The orc knight roars a battlecry!
The orc goes into a battle-frenzy!
The orc hits you with a +0 trident!
* * * LOW HITPOINT WARNING * * *
Things that are here:
a +0 great mace; a +0 arbalest You feel a strong urge to attack something.
The orc warrior hits you with a +0 battleaxe!
You die...

# ...##...# ...≈ #
......... ...o. ##
....... ..oo. .###
.....#....o≈ ...#
#...#......≈ .... .
##.)o........ .#.#
..##..oo# .... ..#
......o)## ..... ..#
.......o@o##o.##. ....
.......#)........
................).)......
............#...).###....
....<.............)## #..
....#.............).# #
..............#.#....#
................###.##
.............)...# ##


You could see an orc knight (strong), 4 orc warriors and an orc (strong).

Vanquished Creatures
  Harold (D:9)
  A boulder beetle (D:9)
  3 orc knights
  Maurice (D:8)
  Joseph (D:8)
  Maggie (D:8)
  Grinder (D:5)
  2 trolls
  Sigmund (D:2)
  A steam dragon (D:7)
  Menkaure (D:5)
  2 wargs
  A water moccasin (D:6)
  12 orc warriors
  2 ice beasts
  A sky beast (D:5)
  A black bear (D:6)
  7 ogres
  10 centaurs
  2 kobold brigands
  A phantom (D:6)
  Blork the orc (D:5)
  5 bullfrogs
  3 scorpions
  3 wights (D:9)
  9 killer bees (D:8)
  2 howler monkeys
  A hound (D:4)
  A jelly (D:7)
  A human zombie (D:5)
  9 orc priests
  6 iguanas
  Crazy Yiuf (D:2)
  13 orc wizards
  A statue (D:3)
  8 mummies (Ossuary)
  3 gnolls (D:4)
  10 adders
  2 shadow imps (D:5)
  A white imp (D:7)
  A worm zombie (D:5)
  2 worms
  13 dart slugs
  83 orcs
  12 ball pythons
  7 bats
  12 endoplasms
  10 giant cockroaches
  9 goblins
  7 hobgoblins
  2 jackals (D:3)
  4 quokkas
  9 frilled lizards
  4 hobgoblin zombies
  20 kobolds
  3 kobold zombies (Ossuary)
  2 orc zombies (Ossuary)
  8 rats
341 creatures vanquished.

Vanquished Creatures (collateral kills)
  4 orc warriors (Orc:2)
  A centaur (Orc:2)
  An orc (Orc:2)
6 creatures vanquished.

Grand Total: 347 creatures vanquished

Notes
Turn   | Place    | Note
-------+----------+-------------------------------------------
     0 | D:1      | sircluck the Troll Berserker began the quest for the Orb.
     0 | D:1      | Reached XP level 1. HP: 22/22 MP: 0/0
   156 | D:1      | Reached XP level 2. HP: 26/29 MP: 1/1
   311 | D:1      | Upgraded the game from 0.31-a0-960-g0fca184906 to
                  | 0.31-a0-963-ga325b2283a
   825 | D:2      | Reached XP level 3. HP: 36/36 MP: 2/2
   926 | D:2      | Reached ** piety under Trog
  1029 | D:2      | Noticed Sigmund
  1037 | D:2      | Killed Sigmund
  1038 | D:2      | Reached skill level 4 in Unarmed Combat
  1038 | D:2      | Reached XP level 4. HP: 45/45 MP: 3/3
  1038 | D:2      | Reached XP level 5. HP: 53/53 MP: 4/4
  1214 | D:2      | Reached skill level 5 in Unarmed Combat
  1450 | D:2      | Found a runed translucent door.
  1451 | D:2      | Noticed Crazy Yiuf
  1558 | D:2      | Killed Crazy Yiuf
  1655 | D:3      | Reached XP level 6. HP: 45/61 MP: 5/5
  1765 | D:3      | Found a faded altar of an unknown god.
  1769 | D:3      | Found an opulent altar of Gozag.
  1896 | D:3      | Found a radiant altar of Vehumet.
  1906 | D:3      | Reached skill level 6 in Unarmed Combat
  1974 | D:3      | Found a white marble altar of Elyvilon.
  2045 | D:3      | Found a glowing drain.
  2089 | Sewer    | Entered a sewer
  2128 | Sewer    | Reached *** piety under Trog
  2202 | Sewer    | Reached XP level 7. HP: 45/67 MP: 6/6
  2740 | D:4      | Reached skill level 7 in Unarmed Combat
  2778 | D:4      | Reached **** piety under Trog
  3104 | D:4      | You fall into a shaft and drop 2 floors!
  3153 | D:5      | Entered Level 5 of the Dungeon
  3171 | D:5      | Found a staircase to the Ecumenical Temple.
  3438 | D:5      | Found a sand-covered staircase.
  3451 | D:5      | Reached skill level 8 in Unarmed Combat
  3451 | D:5      | Reached XP level 8. HP: 75/75 MP: 7/7
  3459 | Ossuary  | Entered an ossuary
  3679 | D:5      | Noticed Menkaure
  3699 | D:5      | Killed Menkaure
  3916 | D:5      | Noticed Grinder
  3919 | D:5      | Paralysed by Grinder for 3 turns
  3929 | D:5      | Killed Grinder
  3930 | D:5      | Reached skill level 9 in Unarmed Combat
  4174 | D:5      | Noticed Blork the orc
  4179 | D:5      | Killed Blork the orc
  4370 | D:4      | Found Rahad's Antique Armour Shop.
  4572 | D:6      | Reached skill level 5 in Dodging
  4721 | D:6      | Reached skill level 10 in Unarmed Combat
  4760 | D:6      | Found a hide-covered altar of Uskayaw.
  4841 | D:6      | Reached skill level 1 in Stealth
  4841 | D:6      | Reached XP level 9. HP: 78/83 MP: 8/8
  4918 | D:6      | Found Zease's Antique Armour Emporium.
  5398 | D:7      | Reached skill level 11 in Unarmed Combat
  5404 | D:7      | Found a bloodstained altar of Trog.
  5435 | D:7      | Reached ***** piety under Trog
  5491 | D:7      | Found a shimmering blue altar of Sif Muna.
  5802 | D:7      | Found an ornate altar of the Wu Jian Council.
  5862 | D:7      | You fall into a shaft and drop 2 floors!
  5931 | D:9      | Noticed a troll
  5941 | D:9      | Killed a troll
  6003 | D:9      | Found a staircase to the Orcish Mines.
  6036 | D:9      | Noticed a boulder beetle
  6056 | D:9      | Found Udaot's Antique Weapon Emporium.
  6064 | D:9      | Reached skill level 12 in Unarmed Combat
  6074 | D:9      | Killed a boulder beetle
  6074 | D:9      | Received a gift from Trog
  6075 | D:9      | Reached skill level 1 in Armour
  6075 | D:9      | Reached XP level 10. HP: 77/92 MP: 9/9
  6076 | D:10     | Entered Level 10 of the Dungeon
  6132 | D:8      | Noticed Maurice
  6139 | D:8      | Maurice stole a ring of fire
  6142 | D:8      | Killed Maurice
  6294 | D:8      | Noticed Joseph
  6301 | D:8      | Killed Joseph
  6515 | D:8      | Noticed Maggie
  6527 | D:8      | Killed Maggie
  6545 | D:8      | Reached skill level 13 in Unarmed Combat
  6816 | D:9      | Found a broken altar of Ashenzari.
  6997 | D:9      | Found a burning altar of Makhleb.
  6997 | D:9      | Noticed a blizzard demon
  7135 | D:9      | Noticed Harold
  7154 | D:9      | Killed Harold
  7339 | Gauntlet | Identified the "Xinat"
  7339 | Gauntlet | Identified the "Semn"
  7339 | Orc:1    | Entered Level 1 of the Orcish Mines
  7353 | Orc:1    | Noticed an orc knight
  7379 | D:9      | Killed an orc knight
  7405 | Orc:1    | Reached XP level 11. HP: 86/101 MP: 10/10
  7765 | Orc:2    | Entered Level 2 of the Orcish Mines
  7771 | Orc:2    | Identified the +2 rapier "Onoogroi" {flame, Fragile rCorr
                  | Str+3} (Trog gifted it to you on level 2 of the Orcish
                  | Mines)
  7771 | Orc:2    | Received a gift from Trog
  7793 | Orc:2    | Noticed Urug
  7988 | Orc:2    | Reached skill level 14 in Unarmed Combat
  8124 | Orc:2    | Noticed an orc knight
  8137 | Orc:2    | Killed an orc knight
  8144 | Orc:2    | Noticed an orc knight
  8146 | Orc:2    | Noticed an orc knight
  8177 | Orc:2    | Killed an orc knight
  8179 | Orc:2    | Slain by an orc warrior

Illustrated notes

Levels and vault maps discovered:
D:1:      lightli_arrival_maybe_door_vault, layout_loops_ring,
          nicolae_figureground_pulse
D:2:      layout_loops_cross, serial_bayou, serial_bayou_pond_c,
          serial_bayou_pond_b, serial_bayou_ford_a, serial_bayou_pond_d,
          uniq_crazy_yiuf_cottage, uniq_sigmund
D:3:      kennysheep_slugbush, layout_basic,
          mainiacjoe_overflow_small_starburst, vehumet_statue,
          nicolae_gozag_cash_rules_everything_around_me, basic_ecumenical_altar,
          gup_sewer_entry_glass
D:4:      layout_loops_ring, serial_shops, shop, st_stairs_10
D:5:      layout_loops_corners, temple_pool_b, enter_ossuary_3,
          kennysheep_generic_room_3, uniq_grinder, uniq_menkaure,
          uniq_blork_the_orc
D:6:      layout_loops_ring, nicolae_uskayaw_dance_hall, serial_shops,
          nicolae_shop_temple_entry_statues_fountains, grunt_ministairs_2
D:7:      layout_rooms, pdpol_wu_jian_five_deadly_venoms,
          mainiacjoe_overflow_cross_hatched, trog_three_pillars_becter
D:8:      layout_basic, uniq_maurice, uniq_maggie, uniq_joseph
D:9:      layout_basic, kennysheep_little_box, makhleb_altar_promises_db,
          hiddenorc2_lemuel, serial_shops, nicolae_shop_hallway_stairs,
          uniq_harold
D:10:     layout_roguey, mainiacjoe_overflow_catwalk
Orc:1:    layout_caves, uniq_jorgrun
Orc:2:    st_orc_rangers, layout_caves, basic_altar, uniq_urug

Skill      XL: |  1  2  3  4  5  6  7  8  9 10 11 |
---------------+----------------------------------+-----
Fighting       | 3 4 |  4.8
Dodging        | 3 4 5 6 7 |  7.0
Unarmed Combat | 4 5 6 8 10 12 13 14 | 14.5
Stealth        | 1 |  1.4
Armour         | 1 3 4 |  4.4

Action                     |  1- 3 |  4- 6 |  7- 9 | 10-12 || total
---------------------------+-------+-------+-------+-------++-------
  Melee: Unarmed           |    68 |   120 |   402 |   193 ||   783
         Punch             |       |     3 |    16 |    16 ||    35
 Invoke: Berserk           |       |       |     1 |     1 ||     2
         Brothers in Arms  |       |       |       |     2 ||     2
 Armour: Animal skin       |    31 |    68 |   152 |       ||   251
         Troll leather arm |       |       |     8 |   148 ||   156
  Dodge: Dodged            |    32 |   116 |   239 |   221 ||   608

Table legend: (Time is in decaauts)
 A = Elapsed time spent in this place.
 B = Non-inter-level travel time spent in this place.
 C = Inter-level travel time spent in this place.
 D = Time resting spent in this place.
 E = Time spent auto-exploring this place.
 F = Levels seen in this place.
 G = Mean time per level.
                   A        B        C        D        E       F      G
               +--------+--------+--------+--------+--------+-----+--------+
         Total |   8057 |   7578 |    479 |    342 |   4888 |  14 |  575.5 |
       Dungeon |   6776 |   6310 |    466 |     92 |   4511 |  10 |  677.6 |
  Orcish Mines |    779 |    766 |     13 |    250 |    176 |   2 |  389.5 |
         Sewer |    302 |    302 |      0 |      0 |    111 |   1 |  302.0 |
       Ossuary |    198 |    198 |      0 |      0 |     90 |   1 |  198.0 |
               +--------+--------+--------+--------+--------+-----+--------+

Top non-repeatable levels by time:
     D:5: 1002 daAuts
     D:2: 812 daAuts
     D:9: 812 daAuts
     D:1: 811 daAuts
     D:6: 784 daAuts
     D:3: 727 daAuts
     D:8: 654 daAuts
     D:4: 596 daAuts
     D:7: 572 daAuts
   Orc:1: 502 daAuts
   Sewer: 302 daAuts
   Orc:2: 277 daAuts
 Ossuary: 198 daAuts
    D:10: 1 daAuts
